 Dungeon Crawl Stone Soup version 0.22.0-18-ge075c0d (webtiles) character file.

112 Faca the Magician (level 4, -2/24 HPs)
             Began as a Deep Elf Conjurer on Aug 18, 2018.
             Slain by Sigmund
             ... wielding a +6 scythe of protection
              (16 damage)
             ... on level 3 of the Dungeon.
             The game lasted 00:16:19 (2948 turns).

Faca the Magician (Deep Elf Conjurer)               Turns: 2948, Time: 00:16:20

Health: -2/24      AC:  2    Str:  5    XL:     4   Next: 64%
Magic:  13/13      EV: 14    Int: 21    God:
Gold:   86         SH:  0    Dex: 15    Spells: 8/13 levels left

rFire    . . .     SeeInvis .   k - +1 hunting sling (flame)
rCold    . . .     Gourm    .   (no shield)
rNeg     . . .     Faith    .   a - +0 robe
rPois    .         Spirit   .   (no helmet)
rElec    .         Reflect  .   (no cloak)
rCorr    .         Harm     .   (no gloves)
MR       +....                  (no boots)
Stlth    ++........             (no amulet)
HPRegen  0.08/turn              g - ring of protection from magic
MPRegen  0.13/turn              (no ring)

@: no status effects
A: no striking features
a: no special abilities


You were on level 3 of the Dungeon.
You were not hungry.

You visited 1 branch of the dungeon, and saw 4 of its levels.

You collected 86 gold pieces.

Inventory:

Hand Weapons
 d - a +0 short sword
 k - a +1 hunting sling of flaming (weapon)
Missiles
 l - 52 stones (quivered)
Armour
 a - a +0 robe (worn)
Jewellery
 g - a ring of protection from magic (left hand)
Scrolls
 e - a scroll of noise {unknown}
 i - a scroll of magic mapping {unknown}
Potions
 b - a potion of ambrosia {unknown}
 f - 2 potions of brilliance {unknown}
 h - 2 potions of haste {unknown}
 j - a potion of heal wounds {unknown}
Comestibles
 c - 6 rations


   Skills:
 - Level 3.6 Dodging
 - Level 2.4 Stealth
 + Level 5.1 Spellcasting
 + Level 5.0 Conjurations


You had 8 spell levels left.
You knew the following spells:

 Your Spells              Type           Power        Failure   Level  Hunger
a - Magic Dart            Conj           ####         1%          1    None
b - Iskenderun's Mystic   Conj           ####....     13%         4    ####...

Your spell library contained the following spells:

 Spells                   Type           Power        Failure   Level  Hunger
 Searing Ray              Conj           ####..       1%          2    None
 Confusing Touch          Hex            #.....       11%         1    None
 Dazzling Spray           Conj/Hex       ###...       11%         3    ##.....
 Confuse                  Hex            #.......     32%         3    ##.....
 Gell's Gravitas          Tloc           #.........   32%         3    ##.....
 Force Lance              Conj/Tloc      ###.....     36%         4    ####...
 Fulminant Prism          Conj/Hex       ###.......   36%         4    ####...
 Petrify                  Tmut/Erth      #.......     71%         4    ####...
 Metabolic Englaciation   Hex/Ice        #.........   96%         5    #####..
 Yara's Violent Unravell  Hex/Tmut       #.........   96%         5    #####..


Dungeon Overview and Level Annotations

Branches:
Dungeon (4/15)
 Temple: D:4-7

Altars:

Annotations:
D:3 2 transporters, Edmund; Moonstruck's ghost, amateur HOFi; Sigmund
D:4 Dowan; Duvessa


Message History

Edmund barely misses you. Sigmund misses you. Sigmund completely misses you.
Edmund misses you.
You feel less confused.
Edmund says, "A flail is better than a scythe, any day of the week!"
Edmund says, "I might not be good at magic, but I can still kill you!"
Sigmund whispers, "You'll know eternity soon."
Edmund says, "I'm quite good with sums, too."
There is a stone staircase leading down here.
You see here a leather armour.
Sigmund casts a spell.
Sigmund flickers and vanishes!
Deactivating autopickup; reactivate with Ctrl-A.
There is a stone staircase leading up here.
The quasit gives a chilling moan.
You hear a chilling moan. x2
Edmund gestures with his flail.
Something tries to affect you, but you resist.
Edmund says, "A flail is better than a scythe, any day of the week!"
Something hits you!
Ouch! That really hurt!
You die...

.# #.# #.##.##..!..$5#...# .#
#.# #.....###.©.###.... .#
#># #.###...#####.....# .#
#.# #.# ###............
.########.# #.# #....##.##..#
........#.# #.# #.#..##.##..#
#######.#.#
#.#####.#.###.##..# #...#
#.................. #.###
##@#..###.###.##..[ #.#
#....# #.# #.##...
###.########@.{.###.###.#....
#.....##.....................
#.#.............###..........
#.#...........##.......w.<...
#.###.##.........#####.####..
#.)...##......########># ##.
##########.##..........# ##


You could see Edmund.

Vanquished Creatures
  A worker ant (D:3)
  An adder (D:3)
  An ooze (D:1)
  3 worms (D:3)
  2 dart slugs
  3 giant cockroaches
  11 goblins
  3 hobgoblins
  7 jackals
  2 quokkas
  8 bats
  5 frilled lizards
  7 kobolds
  5 rats
59 creatures vanquished.

Vanquished Creatures (others)
  4 toadstools (D:1)
4 creatures vanquished.

Grand Total: 63 creatures vanquished

Notes
Turn   | Place    | Note
-------+----------+-------------------------------------------
     0 | D:1      | Faca the Deep Elf Conjurer began the quest for the Orb.
     0 | D:1      | Reached XP level 1. HP: 10/10 MP: 6/6
   179 | D:1      | Reached XP level 2. HP: 15/15 MP: 3/8
   801 | D:1      | Reached skill level 5 in Conjurations
   801 | D:1      | Reached XP level 3. HP: 19/19 MP: 7/10
  1752 | D:3      | Noticed Sigmund
  1855 | D:3      | Reached XP level 4. HP: 24/24 MP: 6/12
  1924 | D:3      | Reached skill level 5 in Spellcasting
  2158 | D:3      | Found a transporter.
  2163 | D:3      | Noticed Moonstruck's ghost (amateur HOFi)
  2188 | D:3      | Found a transporter.
  2409 | D:2      | Learned a level 4 spell: Iskenderun's Mystic Blast
  2782 | D:3      | Noticed a water moccasin
  2828 | D:4      | Noticed Edmund
  2831 | D:4      | Noticed Duvessa
  2832 | D:4      | Noticed Dowan
  2948 | D:3      | Slain by Sigmund

Skill      XL: |  1  2  3  4 |
---------------+-------------+-----
Spellcasting   | 4 5 |  5.1
Conjurations   | 5 |  5.0
Dodging        | 3 |  3.6
Stealth        | |  2.4

Action                   |  1- 3 |  4- 6 || total
-------------------------+-------+-------++-------
Melee: Short sword       |     1 |    16 ||    17
 Fire: Hunting sling     |       |     3 ||     3
 Cast: Magic Dart        |    84 |    32 ||   116
       Iskenderun's Myst |       |     2 ||     2
  Eat: Ration            |     1 |     1 ||     2
       Chunk             |     1 |       ||     1
Armor: Robe              |     1 |     3 ||     4
Dodge: Dodged            |     4 |    20 ||    24
